 Dungeon Crawl Stone Soup version 0.19.5 (webtiles) character file.

3353 Gargoyl the Covered (level 10, -2/84 HPs)
             Began as a Ghoul Abyssal Knight on May 24, 2017.
             Was an Elder of Lugonu.
             Slain by a killer bee (4 damage)
             ... on level 7 of the Dungeon.
             The game lasted 00:15:32 (6769 turns).

Gargoyl the Covered (Ghoul Abyssal Knight)          Turns: 6769, Time: 00:15:33

Health: -2/84      AC: 16    Str: 17    XL:     10   Next: 3%
Magic:  22/22      EV:  6    Int:  7    God:    Lugonu [****..]
Gold:   64         SH:  4    Dex: 11    Spells: 0 memorised, 9 levels left

rFire  . . .     SeeInvis .     s - +0 war axe
rCold  + + .     Gourm    .     E - +0 plate armour
rNeg   + + +     Faith    .     (no shield)
rPois  ∞         Spirit   .     g - +2 helmet
rElec  .         Reflect  +     (no cloak)
rCorr  .         Harm     .     (no gloves)
MR     .....                    (no boots)
Stlth  ..........               D - +4 amulet of reflection
                                o - ring of magical power
                                b - ring of protection from cold

@: rotting
A: rotting body, claws 1, carnivore 3, cold resistance 1, negative energy
resistance 3, slow regeneration 1, torment resistance, unbreathing
a: Depart the Abyss, Bend Space, Banish, Corrupt, Renounce Religion


You were on level 7 of the Dungeon.
You worshipped Lugonu.
Lugonu was greatly pleased with you.
You were not hungry.

You visited 1 branch of the dungeon, and saw 7 of its levels.
You visited the Abyss 1 time.

You collected 364 gold pieces.
You spent 300 gold pieces at shops.

Inventory:

Hand Weapons
 a - a +1 hand axe
 s - a +0 war axe (weapon)
 C - a +0 war axe
Armour
 g - a +2 helmet (worn)
 E - a +0 plate armour (worn)
Jewellery
 b - a ring of protection from cold (left claw)
 m - an uncursed amulet of regeneration
 o - a ring of magical power (right claw)
 D - a +4 amulet of reflection (around neck)
Wands
 f - a wand of slowing (41/48)
 k - a wand of polymorph (12/24)
 p - a wand of random effects (17/48)
 w - a wand of disintegration (8/24)
 A - a wand of lightning (9/15)
Scrolls
 e - 3 scrolls of identify
 t - 3 scrolls of remove curse
 v - a scroll of recharging
Potions
 d - 2 potions of agility
 i - 3 potions of degeneration {unknown}
 j - a potion of ambrosia {unknown}
 l - a potion of flight {unknown}
 n - a potion of beneficial mutation {unknown}
 q - a potion of heal wounds {unknown}
 u - a potion of curing
 x - a potion of brilliance {unknown}
Books
 r - Kikubaaqudgha's Guide on Stolen Souls
   (You found it on level 4 of the Dungeon)

   Spells                             Type                      Level
   a - Pain                           Necromancy                   1
 y - a book of Maledictions

   Spells                             Type                      Level
   a - Corona                         Hexes                        1
   b - Ensorcelled Hibernation        Hexes/Ice                    2
   c - Confuse                        Hexes                        3
   d - Tukima's Dance                 Hexes                        3
   e - Dazzling Spray                 Conjuration/Hexes            3
Comestibles
 c - 3 meat rations
 z - a beef jerky


   Skills:
 + Level 6.3 Fighting
 + Level 7.3 Axes
 * Level 7.6 Armour
 + Level 3.2 Dodging
 * Level 6.1 Invocations
 + Level 0.1 Evocations


You had 9 spell levels left.
You didn't know any spells.

Dungeon Overview and Level Annotations

Branches:
Dungeon (7/15)             Temple (0/1) D:7

Altars:
Elyvilon
Kikubaaqudgha
Okawaru
Qazlal
Ru
Sif Muna
Trog
Vehumet
Yredelemnul
The Shining One

Shops:
D:6 }*=


Innate Abilities, Weirdness & Mutations

Your body is rotting away.
You thrive on raw meat.
You are immune to poison.
You have sharp fingernails.
You are carnivorous and can eat meat at any time.
Your flesh is cold resistant. (rC+)
You are immune to negative energy. (rN+++)
You regenerate slowly when monsters are visible.
You are immune to unholy pain and torment.
You can survive without breathing.


Message History

The killer bee stings you.
* * * LOW HITPOINT WARNING * * *
You miss the killer bee. The killer bee stings you.
* * * LOW HITPOINT WARNING * * *
You block the killer bee's attack. The killer bee barely misses you.
Your plate armour prevents you from hitting the killer bee.
The killer bee stings you.
* * * LOW HITPOINT WARNING * * *
The killer bee stings you but does no damage.
You closely miss the killer bee.
The killer bee stings you but does no damage. x2
You barely miss the killer bee. You block the killer bee's attack.
The killer bee stings you!
* * * LOW HITPOINT WARNING * * *
The killer bee stings you!
* * * LOW HITPOINT WARNING * * *
You hit the killer bee.
The killer bee is lightly wounded.
The killer bee stings you.
You die...

...##...
.#.........#.#
.#.........#.# ###
..(.....y....y ..#
.#.......... #.#.#
........... ..#.#
......##.#####.#.#
............##.#.#
...#........##.#@#
§..#........##.#y#
§..#........##.#.##
.............y....#
...#........#.###.#
............#.# .#
..............## ##
...####.#..##..#
...........##..#


You could see a killer bee.

Vanquished Creatures
  Pikel (D:4)
  The ghost of McKennaii the Magician, a novice DEFE (D:4)
  The ghost of siprus the Schismatic, an amateur DsAK of Lugonu (D:6)
  Grinder (D:5)
  Sigmund (D:2)
  A water moccasin (D:5)
  A black bear (D:6)
  2 ice beasts
  A phantom (D:5)
  6 ogres
  A centaur (D:4)
  A big kobold (D:5)
  3 killer bees (D:7)
  7 hounds
  An orc priest (D:6)
  A bullfrog skeleton (D:4)
  3 orc wizards
  A centaur skeleton (D:7)
  Jessica (D:2)
  An iguana (D:7)
  3 worker ants (D:4)
  A hound zombie (D:5)
  Robin (D:2)
  7 gnolls
  9 adders
  2 shadow imps (D:5)
  3 oozes
  An adder zombie (D:6)
  5 worms
  2 leopard geckos
  17 orcs
  2 ball pythons
  7 giant cockroaches
  22 goblins
  13 hobgoblins
  10 jackals (D:2)
  2 quokkas
  14 bats
  3 frilled lizards
  A giant cockroach zombie (D:6)
  28 kobolds
  A leopard gecko zombie (D:5)
  A quokka skeleton (D:5)
  A quokka zombie (D:6)
  8 rats
  2 plants (D:5)
202 creatures vanquished.

Vanquished Creatures (others)
  An orc warrior (D:6)
  A crimson imp (D:5)
  3 plants (D:5)
5 creatures vanquished.

Grand Total: 207 creatures vanquished

Notes
Turn   | Place    | Note
-------+----------+-------------------------------------------
     0 | Abyss:1  | Gargoyl the Ghoul Abyssal Knight began the quest for the Orb.
     0 | Abyss:1  | Reached XP level 1. HP: 19/19 MP: 1/1
    27 | D:1      | Escaped the Abyss
   270 | D:1      | Reached * piety under Lugonu
   275 | D:1      | Reached skill level 1 in Dodging
   275 | D:1      | Reached XP level 2. HP: 14/25 MP: 2/2
   472 | D:1      | Reached XP level 3. HP: 33/33 MP: 3/3
   950 | D:2      | Noticed Robin
   956 | D:2      | Reached ** piety under Lugonu
   972 | D:2      | HP: 1/33 [hobgoblin/club[Robin] (4)]
   978 | D:2      | Killed Robin
   978 | D:2      | Reached XP level 4. HP: 22/40 MP: 4/4
  1114 | D:2      | Found a bloodstained altar of Trog.
  1127 | D:2      | Found an iron altar of Okawaru.
  1213 | D:2      | Noticed Sigmund
  1248 | D:2      | Killed Sigmund
  1248 | D:2      | Reached XP level 5. HP: 10/46 MP: 4/6
  1248 | D:2      | Reached XP level 6. HP: 11/52 MP: 4/7
  1341 | D:2      | Noticed Jessica
  1356 | D:2      | Killed Jessica
  2057 | D:3      | Reached *** piety under Lugonu
  2476 | D:3      | Found a glowing golden altar of the Shining One.
  2484 | D:3      | Noticed an angel
  2491 | D:3      | Found a basalt altar of Yredelemnul.
  2493 | D:3      | Noticed a profane servitor
  2974 | D:4      | Reached XP level 7. HP: 39/60 MP: 8/8
  2976 | D:4      | Noticed McKennaii's ghost (novice DEFE)
  2997 | D:4      | Killed McKennaii's ghost
  3053 | D:4      | Found a white marble altar of Elyvilon.
  3145 | D:4      | Found a radiant altar of Vehumet.
  3145 | D:4      | Found an ancient bone altar of Kikubaaqudgha.
  3147 | D:4      | Found a deep blue altar of Sif Muna.
  3155 | D:4      | Identified Kikubaaqudgha's Guide on Stolen Souls
  3239 | D:4      | Reached XP level 8. HP: 33/67 MP: 8/10
  3267 | D:4      | Reached skill level 5 in Axes
  3369 | D:4      | Reached skill level 5 in Fighting
  3400 | D:4      | Reached skill level 5 in Armour
  3776 | D:5      | Entered Level 5 of the Dungeon
  3810 | D:5      | Noticed Pikel
  3861 | D:4      | Killed Pikel
  3861 | D:4      | Reached skill level 5 in Invocations
  3970 | D:5      | Reached XP level 9. HP: 64/74 MP: 11/11
  4097 | D:5      | Noticed Grinder
  4131 | D:5      | Paralysed by Grinder for 4 turns
  4143 | D:5      | Reached **** piety under Lugonu
  4159 | D:5      | Killed Grinder
  4323 | D:5      | Found a sacrificial altar of Ru.
  5610 | D:6      | Noticed siprus's ghost (amateur DsAK)
  5656 | D:6      | Killed siprus's ghost
  5981 | D:6      | Found Jekkouc's Jewellery Shop.
  6045 | D:6      | Bought a +4 amulet of reflection for 300 gold pieces
  6145 | D:6      | Found Neusy's Gadget Emporium.
  6161 | D:6      | Found Offeulail's Assorted Antiques.
  6527 | D:7      | Found a staircase to the Ecumenical Temple.
  6635 | D:7      | Found a stormy altar of Qazlal.
  6676 | D:7      | Reached XP level 10. HP: 29/83 MP: 13/13
  6768 | D:7      | HP: 2/84 [killer bee (7)]
  6769 | D:7      | Slain by a killer bee

Skill      XL: |  1  2  3  4  5  6  7  8  9 |
---------------+----------------------------+-----
Axes           | 2 3 4 5 7 |  7.3
Dodging        | 1 2 3 |  3.2
Armour         | 2 3 4 6 7 |  7.6
Fighting       | 4 5 6 |  6.3
Invocations    | 3 4 5 6 |  6.1
Evocations     | |  0.1

Action                   |  1- 3 |  4- 6 |  7- 9 | 10-12 || total
-------------------------+-------+-------+-------+-------++-------
Melee: Hand axe          |    97 |   243 |   595 |       ||   935
       War axe           |       |       |    49 |    22 ||    71
Invok: Depart the Abyss  |     1 |       |       |       ||     1
       Banish            |       |       |     2 |       ||     2
Evoke: Wand              |       |       |     3 |       ||     3
  Use: Scroll            |     3 |     4 |     7 |       ||    14
       Potion            |     1 |     1 |     1 |       ||     3
 Stab: Invisible         |       |       |     2 |       ||     2
       Paralysed         |       |       |     1 |       ||     1
  Eat: Chunk             |    24 |    36 |    50 |     1 ||   111
Armor: Ring mail         |    24 |       |       |       ||    24
       Scale mail        |    53 |   151 |   240 |       ||   444
       Chain mail        |       |       |    48 |       ||    48
       Plate armour      |       |       |    42 |    24 ||    66
Dodge: Dodged            |   105 |   138 |   345 |    10 ||   598
Block: Other             |       |       |    17 |     5 ||    22
